 Dungeon Crawl Stone Soup version 0.31-a0-196-g86fe4a5e66 (webtiles) character file.

Game seed: 2598362650731242158

142 qw the Skirmisher (level 5, -2/29 HPs)
             Began as a Deep Elf Hunter on June 24, 2023.
             Slain by an ogre
             ... wielding a +0 giant club
              (4 damage)
             ... on level 4 of the Dungeon.
             The game lasted 00:00:53 (2645 turns).

qw the Skirmisher (Deep Elf Hunter)                 Turns: 2645, Time: 00:00:54

Health: -2/29      AC:  7    Str:  8    XL:     5   Next: 3%
Magic:  7/7        EV: 13    Int: 14    God:
Gold:   94         SH:  0    Dex: 20    Spells: 4/4 levels left

rFire   . . .        Y - +1 shortbow
rCold   . . .        (shield currently unavailable)
rNeg    . . .        c - +0 leather armour
rPois   +            (no helmet)
rElec   .            i - scarf {repulsion}
rCorr   .            (no gloves)
SInv    .            (no boots)
Will    .....        h - amulet of the acrobat
Stlth   ++           p - ring of poison resistance
HPRegen 0.24/turn    d - +4 ring of protection
MPRegen 0.10/turn

%: repel missiles, acrobat
@: about to teleport
A: no striking features
a: no special abilities


You were on level 4 of the Dungeon.
You visited 1 branch of the dungeon, and saw 4 of its levels.

You collected 144 gold pieces.
You spent 50 gold pieces at shops.


   Skills:
 - Level 1.5 Fighting
 + Level 8.0 Ranged Weapons
 - Level 3.3 Dodging
 - Level 1.2 Stealth


You had 4 spell levels left.
You didn't know any spells.
Your spell library was empty.

Inventory:

Hand Weapons
 Y - a +1 shortbow (weapon)
Armour
 c - a +0 leather armour (worn)
 i - a scarf of repulsion (worn)
Jewellery
 b - a +6 ring of strength
 d - a +4 ring of protection (right hand)
 h - an amulet of the acrobat (around neck)
 p - a ring of poison resistance (left hand)
Scrolls
 f - a scroll of identify
Potions
 g - a potion of berserk rage {unknown}
 j - a potion of mutation {unknown}
 k - 2 potions of enlightenment
 l - 4 potions of curing
 m - a potion of brilliance {unknown}
 n - a potion of heal wounds {unknown}
 o - a potion of degeneration {unknown}

Dungeon Overview and Level Annotations

Branches:
Dungeon (4/15)
 Temple: D:4-7

Altars:
Vehumet
Yredelemnul

Shops:
D:2 ?


Message History

Enter note:
Enter note:
Enter note:
Enter note: Done exploring.
(D) Dungeon
Where to? (* - list waypoints, Enter - D:3, ? - help)
What level of the Dungeon? (default 1, ? - help)
There is a stone staircase leading down here.
You climb downwards.
Found a chain mail.
There is a stone staircase leading up here.
An endoplasm is nearby!
Waypoint 3 assigned to D:4.
You shoot an arrow. The arrow hits the endoplasm!
You kill the endoplasm!
Found a leather armour.
An ogre and 2 yaks come into view.
You shoot an arrow.
The arrow hits the ogre but does no damage.
The ogre shouts!
You shoot an arrow. The arrow hits the ogre.
The ogre is lightly wounded.
You shoot an arrow.
The arrow hits the ogre but does no damage.
The ogre is lightly wounded.
The yak bellows! x2; You hear a bellow! x2
You shoot an arrow.
The arrow hits the ogre but does no damage.
The ogre is lightly wounded.
You shoot an arrow. The arrow barely misses the ogre.
The ogre hits you with a +0 giant club!!
Ouch! That really hurt!
2644 ||| READING scroll of teleportation.
As you read the scroll of teleportation, it crumbles to dust.
You feel strangely unstable.
A yak comes into view.
You shoot an arrow. The arrow hits the ogre!
The ogre is moderately wounded.
The ogre hits you with a +0 giant club.
You die...

... ....Y.. ..[.
....... .....
...... ##....
...Y.
......###..Y#
........#...# ...
...........#....
#....@...#....
#...O.#.......
#....###......
#.............
#....###.........
..... ###.....#.
.... #..<....#
... #.[.##...# .
.....## ...#


You could see 3 yaks and an ogre.

Vanquished Creatures
  Natasha (D:3)
  3 gnolls (D:3)
  2 adders (D:2)
  A dart slug (D:3)
  5 orcs (D:3)
  7 bats
  6 endoplasms
  A giant cockroach (D:3)
  7 goblins
  5 hobgoblins
  5 kobolds
  4 quokkas
  6 ball pythons
  2 frilled lizards
  5 rats
60 creatures vanquished.

Notes
Turn   | Place    | Note
-------+----------+-------------------------------------------
     0 | D:1      | qw the Deep Elf Hunter began the quest for the Orb.
     0 | D:1      | Reached XP level 1. HP: 12/12 MP: 3/3
     0 | D:1      | 0 ||| qw: Version: 0.3-a-9-g12657ce
     0 | D:1      | 0 ||| qw: Game counter: 4817
     0 | D:1      | 0 ||| qw: Always use a shield: true
     0 | D:1      | 0 ||| qw: God list: Okawaru
     0 | D:1      | 0 ||| qw: Allow faded altars: false
     0 | D:1      | 0 ||| qw: Do Orc after D:15 true
     0 | D:1      | 0 ||| qw: Do second Lair branch before Depths: true
     0 | D:1      | 0 ||| qw: Lair rune preference: random
     0 | D:1      | 0 ||| qw: Plans: Normal
     0 | D:1      | 0 ||| PLANNING D:1-11
   337 | D:1      | Reached skill level 6 in Ranged Weapons
   337 | D:1      | Reached XP level 2. HP: 16/16 MP: 4/4
   800 | D:1      | 800 ||| UPGRADING to scarf of repulsion.
   805 | D:1      | 805 ||| UPGRADING to amulet of the acrobat.
   810 | D:1      | 810 ||| UPGRADING to +6 ring of strength.
   811 | D:1      | 811 ||| READING scroll labelled EGIOFA JUCI.
   812 | D:1      | 812 ||| READING 2 scrolls labelled LIXUAL NUTHU.
   813 | D:1      | 813 ||| READING 2 scrolls labelled YGHOTU ZUSU.
   841 | D:1      | 841 ||| READING scroll labelled RUIKLUEKACW.
   842 | D:1      | 842 ||| DRINKING 2 pink potions.
   843 | D:1      | 843 ||| DROPPING scroll of butterflies.
   844 | D:1      | 844 ||| DROPPING scroll of torment.
   879 | D:2      | Found Ohymodwu's Magic Scroll Emporium.
   890 | D:2      | 890 ||| SHOPLISTING 3 scrolls of identify (60 gold, have
                  | 58).
   890 | D:2      | 890 ||| BUYING scroll of identify (20 gold).
   890 | D:2      | Bought a scroll of identify for 20 gold pieces
   890 | D:2      | 890 ||| BUYING scroll of teleportation (30 gold).
   890 | D:2      | Bought a scroll of teleportation for 30 gold pieces
   984 | D:2      | Reached XP level 3. HP: 20/20 MP: 5/5
  1120 | D:2      | Reached skill level 7 in Ranged Weapons
  1299 | D:2      | Found a basalt altar of Yredelemnul.
  1520 | D:2      | 1520 ||| UPGRADING to +4 ring of protection.
  1521 | D:2      | 1521 ||| READING scroll labelled GIWKIF LIVVOXT.
  1522 | D:2      | 1522 ||| DRINKING 3 fuming puce potions.
  1523 | D:2      | 1523 ||| READING 2 scrolls of identify.
  1523 | D:2      | 1523 ||| IDENTIFYING blue potion
  1524 | D:2      | 1524 ||| DROPPING potion of lignification.
  1910 | D:3      | Reached XP level 4. HP: 25/25 MP: 6/6
  1911 | D:3      | Found a radiant altar of Vehumet.
  1971 | D:3      | Found a faded altar of an unknown god.
  2080 | D:3      | Reached skill level 8 in Ranged Weapons
  2450 | D:3      | Noticed Natasha
  2452 | D:3      | 2452 ||| FLEEEEING.
  2458 | D:3      | 2458 ||| FLEEEEING.
  2459 | D:3      | 2459 ||| FLEEEEING.
  2460 | D:3      | 2460 ||| FLEEEEING.
  2461 | D:3      | 2461 ||| FLEEEEING.
  2466 | D:3      | 2466 ||| FLEEEEING.
  2467 | D:3      | 2467 ||| FLEEEEING.
  2472 | D:3      | Killed Natasha
  2473 | D:3      | Reached skill level 3 in Dodging
  2473 | D:3      | Reached XP level 5. HP: 22/29 MP: 7/7
  2476 | D:3      | 2476 ||| STAIRDANCE
  2500 | D:2      | 2500 ||| UPGRADING to ring of poison resistance.
  2502 | D:2      | 2502 ||| READING 2 scrolls labelled IBRENEO WIOTE.
  2503 | D:2      | 2503 ||| DROPPING scroll of amnesia.
  2638 | D:4      | Noticed an ogre
  2638 | D:4      | Noticed a yak
  2638 | D:4      | Noticed a yak
  2643 | D:4      | HP: 1/29 [ogre/+0 giant club (28)]
  2644 | D:4      | 2644 ||| READING scroll of teleportation.
  2644 | D:4      | Noticed a yak
  2645 | D:4      | Slain by an ogre

Levels and vault maps discovered:
D:1:      dpeg_arrival_oval, layout_basic
D:2:      layout_loops_ring, serial_shops, shop, basic_altar, chequers_jeans,
          kennysheep_generic_room_8
D:3:      minmay_skewed_foursquare, layout_basic,
          mainiacjoe_overflow_surrounded_room, serial_glass, glass_columns_a,
          glass_columns_a, glass_columns_b, glass_columns_a,
          ebering_ecumenical_altar_ruins, uniq_natasha
D:4:      kennysheep_goblin_castle, layout_cave_pools, tgw_trog,
          overflow_temple_1_default, minivault_14

Skill      XL: |  1  2  3  4 |
---------------+-------------+-----
Ranged Weapons | 6 7 8 |  8.0
Dodging        | 3 |  3.3
Fighting       | |  1.5
Stealth        | |  1.2

Action                     |  1- 3 |  4- 6 || total
---------------------------+-------+-------++-------
   Fire: Shortbow          |    85 |    66 ||   151
    Use: Scroll            |     6 |     2 ||     8
         Potion            |     2 |       ||     2
 Armour: Leather armour    |     4 |    10 ||    14
  Dodge: Dodged            |     8 |    18 ||    26

Table legend:
 A = Non-vault XP
 B = Vault XP
 C = Vault XP percentage of total XP
 D = Non-vault monster count
 E = Vault monster count
 F = Vault count percentage of total count
                 A         B        C        D         E       F
            +---------+---------+-------+---------+---------+-------
      Total |     159 |      44 |  21.7 |      52 |       8 |  13.3
            +---------+---------+-------+---------+---------+-------
        D:1 |      23 |       0 |   0.0 |      13 |       0 |   0.0
        D:2 |      47 |       1 |   2.1 |      15 |       1 |   6.2
        D:3 |      87 |      43 |  33.1 |      23 |       7 |  23.3
        D:4 |       2 |       0 |   0.0 |       1 |       0 |   0.0
            +---------+---------+-------+---------+---------+-------
